 Dungeon Crawl Stone Soup version 0.25-a0-420-g1cc7eeb0d1 (webtiles) character file.

Game seed: 5574370072690641978, levelgen mode: deterministic

340 TheCyberMonk the Ruffian (level 6, -4/50 (51) HPs)
             Began as a Ghoul Warper on Jan 19, 2020.
             Was an Initiate of Ru.
             Slain by a scorpion (6 damage)
             ... in the Ecumenical Temple.
             The game lasted 00:55:30 (4027 turns).

TheCyberMonk the Ruffian (Ghoul Warper)             Turns: 4027, Time: 00:55:30

HP:   -4/50 (51)    AC:  7    Str: 18    XL:     6   Next: 56%
MP:   8/8           EV: 10    Int:  9    God:    Ru [......]
Gold: 208           SH:  4    Dex:  9    Spells: 7/9 levels left

rFire    . . .     SeeInvis .     - Unarmed
rCold    + . .     Gourm    .   u - +2 buckler
rNeg     + + +     Faith    .   m - +1 ring mail
rPois    ∞         Spirit   .   e - +0 helmet
rElec    .         Reflect  .   (no cloak)
rCorr    .         Harm     .   (no gloves)
MR       .....                  (no boots)
Stlth    ..........             (no amulet)
HPRegen  0.00/turn              q - +3 ring of strength
MPRegen  0.11/turn              (no ring)

@: flying (expiring), rotting
A: rotting body, claws 1, carnivore, cold resistance 1, negative energy
resistance 3, inhibited regeneration, torment resistance, unbreathing
a: Renounce Religion


You were in the Ecumenical Temple.
You worshipped Ru.
Ru was noncommittal.
You were not hungry.

You visited 2 branches of the dungeon, and saw 5 of its levels.

You collected 208 gold pieces.

Inventory:

Hand Weapons
 b - a +0 dagger
 k - a +0 whip
 n - a +3 dagger of venom
 o - a cursed +0 spear
Missiles
 d - 2 boomerangs of dispersal (quivered)
 t - 4 boomerangs
Armour
 a - a +0 leather armour
 e - a +0 helmet (worn)
 m - a +1 ring mail (worn)
 u - a +2 buckler (worn)
Jewellery
 q - a +3 ring of strength (left claw)
 v - an uncursed ring of stealth {unknown}
Scrolls
 c - 2 scrolls of blinking
 h - 2 scrolls of teleportation
 j - a scroll of amnesia
 p - 3 scrolls of identify
Potions
 i - a potion of curing {unknown}
 l - a potion of flight
Comestibles
 f - 8 rations


   Skills:
 * Level 3.0 Fighting
 + Level 0.8 Throwing
 * Level 2.9 Armour
 + Level 2.3 Dodging
 * Level 5.3 Unarmed Combat
 * Level 2.3 Spellcasting
 + Level 2.6 Translocations


You had 7 spell levels left.
You knew the following spells:

 Your Spells              Type           Power        Failure   Level  Hunger
a - Blink                 Tloc           N/A          43%         2    ###....

Your spell library contained the following spells:

 Spells                   Type           Power        Failure   Level  Hunger
 Shroud of Golubria       Chrm/Tloc      #.....       63%         2    ###....
 Gell's Gravitas          Tloc           #.........   67%         3    ####...
 Lesser Beckoning         Tloc           #.........   67%         3    ####...
 Teleport Other           Tloc           #.......     67%         3    ####...
 Passage of Golubria      Tloc           N/A          97%         4    #####..


Dungeon Overview and Level Annotations

Branches:
Dungeon (4/15)             Temple (1/1) D:4

Altars:
Ashenzari
Cheibriados
Elyvilon
Gozag
Hepliaklqana
Makhleb
Nemelex Xobeh
Okawaru
Qazlal
Ru
Sif Muna
Trog
Vehumet
Wu Jian
Xom
Yredelemnul
Zin
The Shining One


Innate Abilities, Weirdness & Mutations

Your body is rotting away.
You thrive on raw meat.
You are immune to poison.
You have sharp fingernails.
You are carnivorous and can eat meat at any time.
Your flesh is cold resistant. (rC+)
You are immune to negative energy. (rN+++)
You do not regenerate when monsters are visible.
You are immune to unholy pain and torment.
You can survive without breathing.


Message History

* * * LOW HITPOINT WARNING * * *
You scratch the scorpion.
The scorpion is heavily wounded.
The scorpion stings you.
* * * LOW HITPOINT WARNING * * *
As you read the scroll labeled ZISARCH WOEQAH, it crumbles to dust.
It is a scroll of enchant weapon.
Your +2 dagger of venom glows red for a moment.
The scorpion stings you but does no damage.
You scratch the scorpion.
The scorpion is severely wounded.
The scorpion stings you.
* * * LOW HITPOINT WARNING * * *
There is a staircase to the Ecumenical Temple here.
You fly downwards.
Welcome back to the Ecumenical Temple!
There is a staircase back to the Dungeon here.
You are starting to lose your buoyancy.
It was a potion of magic.
Magic courses through your body. The scorpion stings you.
You die...

#.._..##.##.._..##.##....._..
##...#.##..#...#..#.....#...#
#.#.#.......#.#..........#.#.
#......#.#.......#.#.........
#..#..#...#...#.#...#.....#..
###.##.._..##.##.._......#.##
..#..#...#.#...#...#.#...#..
#......#.#.......#.#.........
#...........@s........<......
#.#.#.......#.#..........#.#.
##...#.#...#...#..#...#.#...#
.._..##.##.._..##.#......_..
...#...#.#...#..#.....#...#
.#.......#.#..........#.#. .
.#.......#.#......... ..
#..##.#...#.....#..
##.._.....##.##


You could see a scorpion.

Vanquished Creatures
  A bullfrog zombie (D:2)
  2 hounds
  An orc priest (D:4)
  An orc wizard (D:4)
  2 gnolls (D:4)
  8 adders
  An ooze (D:2)
  3 worms (D:2)
  A dart slug (D:3)
  4 leopard geckos
  7 orcs
  12 goblins
  9 hobgoblins
  5 jackals (D:3)
  2 quokkas (D:2)
  A ball python (D:2)
  10 bats
  4 frilled lizards
  6 kobolds
  7 rats
87 creatures vanquished.

Notes
Turn   | Place    | Note
-------+----------+-------------------------------------------
     0 | D:1      | TheCyberMonk the Ghoul Warper began the quest for the Orb.
     0 | D:1      | Reached XP level 1. HP: 17/17 MP: 2/2
   131 | D:1      | Reached skill level 1 in Armour
   214 | D:1      | Reached XP level 2. HP: 24/24 MP: 3/3
  1021 | D:1      | Reached XP level 3. HP: 25/25 MP: 5/5
  1534 | D:2      | Reached skill level 3 in Unarmed Combat
  1682 | D:2      | Reached XP level 4. HP: 31/37 MP: 6/6
  1896 | D:2      | Reached skill level 4 in Unarmed Combat
  2339 | D:2      | Reached XP level 5. HP: 31/44 MP: 7/7
  3135 | D:3      | Learned a level 2 spell: Blink
  3622 | D:4      | Reached XP level 6. HP: 24/45 MP: 5/8
  3628 | D:4      | Reached skill level 5 in Unarmed Combat
  3777 | D:4      | Found a staircase to the Ecumenical Temple.
  3785 | Temple   | Entered the Ecumenical Temple
  3884 | Temple   | Became a worshipper of Ru the Awakened
  4006 | D:4      | HP: 2/50 [scorpion (6)]
  4027 | Temple   | Slain by a scorpion

Levels and vault maps discovered:
D:1:      dpeg_arrival_arbitrary_b, layout_loops_corners, minivault_19
D:2:      layout_basic, minmay_small_reverse_x
D:3:      layout_loops_ring, first_ration
D:4:      layout_rooms, temple_statues
Temple:   regret_index_temple_chain_breaker

Skill      XL: |  1  2  3  4  5  6 |
---------------+-------------------+-----
Armour         | 1 2 |  2.9
Dodging        | 2 |  2.3
Spellcasting   | 2 |  2.3
Unarmed Combat | 3 4 5 |  5.3
Fighting       | 3 |  3.0
Throwing       | |  0.8
Translocations | |  2.6

Action                   |  1- 3 |  4- 6 || total
-------------------------+-------+-------++-------
Melee: Unarmed           |   146 |   288 ||   434
       Punch             |     1 |     4 ||     5
Throw: Boomerang         |     2 |     1 ||     3
 Cast: Blink             |       |     1 ||     1
  Use: Scroll            |     2 |     6 ||     8
       Potion            |     1 |     3 ||     4
  Eat: Chunk             |     7 |     9 ||    16
Armor: Leather armour    |    26 |       ||    26
       Ring mail         |    40 |    96 ||   136
Dodge: Dodged            |    85 |   151 ||   236
Block: Buckler           |       |    10 ||    10

Table legend:
 A = Non-vault XP
 B = Vault XP
 C = Vault XP percentage of total XP
 D = Non-vault monster count
 E = Vault monster count
 F = Vault count percentage of total count
                 A         B        C        D         E       F
            +---------+---------+-------+---------+---------+-------
      Total |     478 |       8 |   1.6 |      83 |       4 |   4.6
            +---------+---------+-------+---------+---------+-------
        D:1 |      36 |       0 |   0.0 |      23 |       0 |   0.0
        D:2 |     168 |       8 |   4.5 |      26 |       4 |  13.3
        D:3 |     103 |       0 |   0.0 |      25 |       0 |   0.0
        D:4 |     171 |       0 |   0.0 |       9 |       0 |   0.0
            +---------+---------+-------+---------+---------+-------
